Map: Cyber Forest LE

Players

Stephano

  • Race: Zerg Zerg
  • Spawn Location: 5:00

goblin - Winner!

  • Race: Protoss Protoss
  • Spawn Location: 11:00

Event: 2019 WCS Summer

VOD

Have the link to the VOD?

Description

Time

  • Played on: July 12, 2019, 9:28 a.m.
  • Length: 18:43

All games in this series

Show
View Real Time Build Order
Export as new Build Order

Stephano Zerg 

Build Orders: Hatch First, Swarm Host 

Get SALT Encoding   

  12  0:00  Drone  
  13  0:08  Drone  
  14  0:16  Overlord  
  14  0:35  Drone  
  14  0:42  Drone  
  16  0:48  Hatchery  
  15  0:51  Drone  
  15  0:55  Drone  
  17  0:59  Drone  
  18  1:10  Extractor  
  17  1:14  Spawning Pool  
  17  1:17  Drone  
  17  1:20  Drone  
  18  1:29  Drone  
  19  1:40  Drone  
  20  1:51  Drone  
  21  2:01  Queen x2  
  21  2:02  Zergling x2, Overlord  
  26  2:10  Drone  
  27  2:16  Drone  
  27  2:22  Hatchery  
  27  2:25  Drone  
  27  2:27  Drone  
  29  2:33  Drone  
  30  2:38  Queen  
  30  2:43  Overlord  
  32  2:49  Metabolic Boost  
  31  3:02  Drone x4  
  31  3:05  Drone  
  36  3:14  Overlord  
  36  3:21  Extractor  
  36  3:22  Overlord  
  36  3:23  Drone  
  36  3:32  Drone x3, Queen  
  36  3:33  Drone x2  
  43  3:35  Drone x2  
  45  3:41  Roach Warren  
  45  3:44  Drone x3  
  47  3:49  Drone x2  
  47  3:51  Zergling x2  
  47  3:53  Zergling x2  
  47  3:55  Zergling x2  
  52  3:56  Zergling x2  
  52  4:01  Lair  
  53  4:03  Drone  
  54  4:10  Drone x3  
  54  4:13  Drone  
  54  4:16  Overlord  
  58  4:21  Overlord  
  58  4:25  Spore Crawler  
  58  4:28  Drone, Extractor  
  58  4:31  Overlord  
  57  4:34  Drone  
  58  4:39  Overlord  
  57  4:46  Roach x8  
  57  4:51  Drone x2  
  73  4:59  Glial Reconstitution, Overseer  
  73  5:00  Roach x2  
  73  5:02  Drone x2  
  73  5:06  Roach x2  
  83  5:16  Roach  
  83  5:17  Roach x2  
  83  5:20  Evolution Chamber  
  84  5:29  Roach  
  84  5:30  Roach x2  
  86  5:36  Roach  
  86  5:37  Overlord  
  86  5:40  Overlord  
  88  5:47  Overlord  
  88  5:49  Overlord x2  
  88  5:51  Overlord  
  88  5:53  Zerg Missile Weapons Level 1  
  88  5:55  Queen  
  88  5:56  Overlord  
  90  5:58  Drone x2  
  90  5:59  Drone x4  
  96  6:09  Drone x2  
  96  6:10  Extractor  
  97  6:11  Extractor  
  96  6:21  Roach  
  96  6:22  Hatchery, Roach x4  
  105  6:36  Drone x2  
  105  6:37  Drone x2  
  105  6:39  Drone x3  
  111  6:48  Drone  
  110  6:57  Drone x3  
  110  7:01  Drone x2  
  113  7:07  Drone x2  
  113  7:08  Drone x3  
  117  7:10  Extractor  
  117  7:14  Ravager x4  
  120  7:16  Roach x2  
  120  7:17  Infestation Pit  
  120  7:18  Roach x3  
  120  7:19  Roach  
  131  7:27  Overseer  
  131  7:28  Roach  
  131  7:29  Roach  
  135  7:36  Roach x3  
  141  7:44  Roach x4  
  149  7:51  Roach  
  151  7:52  Overlord x2  
  151  7:53  Overlord, Zerg Missile Weapons Level 2  
  151  7:57  Overlord x2  
  151  8:03  Extractor  
  150  8:07  Overlord  
  150  8:09  Overlord  
  150  8:11  Ravager x3, Roach x5  
  150  8:12  Roach x4  
  169  8:20  Roach x3  
  169  8:23  Roach  
  177  8:29  Roach x7  
  177  8:30  Ravager x2  
  177  8:31  Ravager  
  194  8:34  Roach x2  
  194  8:35  Roach  
  200  8:49  Hatchery  
  200  8:54  Overseer, Overlord  
  199  9:02  Roach  
  199  9:04  Overlord  
  197  9:19  Roach x2  
  193  9:24  Roach x11  
  193  9:28  Roach x6  
  183  9:36  Roach x2  
  160  9:39  Roach x7  
  160  9:43  Roach  
  165  9:49  Roach x3  
  152  9:54  Roach  
  152  9:58  Roach  
  139  10:02  Roach x2  
  139  10:06  Roach  
  131  10:07  Queen x2  
  131  10:13  Swarm Host x6  
  150  10:17  Drone  
  150  10:18  Drone x2  
  156  10:24  Roach  
  156  10:25  Roach x2  
  162  10:29  Overlord  
  162  10:30  Swarm Host  
  165  10:44  Drone x4  
  165  10:48  Hatchery, Swarm Host  
  171  10:55  Swarm Host x3  
  180  10:57  Overseer  
  180  11:01  Swarm Host  
  180  11:02  Swarm Host  
  186  11:05  Ravager x2  
  186  11:06  Ravager x2  
  186  11:07  Ravager x2  
  186  11:08  Swarm Host  
  186  11:10  Overseer  
  195  11:16  Spine Crawler  
  194  11:18  Spine Crawler  
  193  11:46  Roach x3  
  193  11:47  Roach  
  199  12:03  Hive  
  199  12:04  Spire  
  198  12:20  Zerg Melee Weapons Level 1  
  198  12:22  Nydus Network  
  197  12:23  Spine Crawler  
  197  12:25  Spine Crawler  
  178  12:45  Roach  
  178  12:46  Roach x11  
  194  13:13  Overlord x2  
  194  13:14  Ravager  
  194  13:15  Ravager  
  194  13:16  Ravager x4  
  196  13:33  Greater Spire  
  196  13:47  Extractor x2  
  190  14:08  Roach x6  
  188  14:13  Roach x21  
  188  14:14  Roach x2  
  192  14:34  Roach x4  
  196  14:40  Roach x7  
  193  14:48  Roach x4  
  181  15:06  Extractor  
  170  15:07  Extractor  
  170  15:08  Roach x17  
  177  15:16  Roach x4  
  171  15:24  Roach x6  
  171  15:25  Roach x4  
  171  15:27  Pneumatized Carapace  
  179  15:38  Nydus Canal  
  179  15:40  Extractor  
  179  15:42  Corruptor x2  
  176  15:45  Hatchery  
  179  15:55  Overseer  
  179  15:58  Drone x6  
  179  15:59  Drone  
  186  16:10  Corruptor  
  182  16:39  Zerg Flyer Weapons Level 1  
  182  16:43  Corruptor x2  
  182  16:44  Corruptor x2  
  182  16:46  Drone x2  
  195  16:47  Drone  
  192  17:14  Hatchery, Corruptor x3  
  188  17:17  Brood Lord  
  188  17:20  Brood Lord  
  188  17:21  Corruptor x3  
  189  17:34  Extractor  
  176  17:55  Brood Lord x2  
  178  18:06  Roach x4  
  180  18:22  Roach x11  
  180  18:27  Nydus Canal  
Show
View Real Time Build Order
Export as new Build Order

goblin Protoss - Winner!

Build Orders: 1 Gate Expand, Chargelot Immortal, Dark Templar Rush 

Get SALT Encoding   

  12  0:00  Probe  
  13  0:12  Probe  
  14  0:18  Pylon  
  14  0:24  Probe  
  15  0:32  Probe  
  15  0:39  Gateway  
  15  0:40  Probe  
  16  0:46  Assimilator  
  17  0:50  Probe  
  18  1:03  Probe  
  19  1:20  Nexus  
  19  1:23  Probe  
  20  1:31  Cybernetics Core  
  20  1:35  Probe  
  21  1:42  Assimilator  
  21  1:47  Probe  
  21  1:50  Pylon  
  22  1:58  Stalker, Probe  
  23  2:06  Probe  
  23  2:13  Robotics Facility  
  23  2:15  Probe  
  26  2:22  Warp Gate  
  27  2:26  Probe  
  27  2:29  Probe  
  28  2:36  Adept  
  31  2:38  Probe  
  31  2:39  Probe  
  33  2:50  Probe  
  33  2:51  Probe  
  34  2:52  Twilight Council  
  34  2:54  Warp Prism  
  35  3:02  Probe  
  38  3:06  Probe  
  39  3:14  Probe  
  39  3:18  Probe  
  41  3:20  Pylon  
  41  3:26  Gateway  
  42  3:27  Immortal  
  42  3:32  Dark Shrine  
  41  3:40  Probe  
  46  3:41  Probe  
  47  3:52  Probe  
  47  3:55  Probe, Gateway  
  49  3:57  Immortal  
  49  4:05  Pylon  
  53  4:11  Gateway  
  53  4:14  Probe  
  54  4:18  Assimilator  
  54  4:20  Assimilator  
  54  4:23  Pylon  
  54  4:25  Probe  
  54  4:26  Probe  
  54  4:27  Zealot  
  58  4:32  Adept  
  58  4:36  Observer  
  58  4:37  Probe  
  62  4:42  Probe  
  62  4:44  Pylon  
  63  4:49  Probe  
  63  4:54  Probe  
  64  5:03  Nexus  
  64  5:13  Dark Templar x4  
  72  5:16  Probe x2  
  74  5:22  Pylon  
  74  5:31  Immortal  
  74  5:32  Probe  
  76  5:35  Probe  
  76  5:42  Archon  
  76  5:51  Forge  
  76  5:55  Probe x2  
  74  6:01  Immortal  
  74  6:02  Gateway  
  74  6:03  Gateway  
  74  6:07  Probe x2  
  80  6:12  Probe  
  80  6:13  Pylon  
  80  6:15  Probe  
  80  6:18  Charge  
  81  6:19  Probe  
  81  6:20  Probe  
  81  6:23  Probe  
  84  6:26  Protoss Ground Weapons Level 1  
  84  6:28  Immortal  
  84  6:32  Probe  
  86  6:37  Probe x2  
  86  6:39  Pylon  
  88  6:42  Gateway x2  
  88  6:45  Sentry x2  
  96  6:48  Sentry x2  
  96  6:50  Probe  
  101  7:00  Immortal  
  104  7:08  Pylon  
  104  7:11  Gateway x2  
  105  7:15  Probe x3  
  105  7:19  Assimilator  
  105  7:21  Assimilator  
  107  7:22  Sentry x2  
  107  7:26  Pylon  
  107  7:27  Probe  
  112  7:35  Pylon  
  112  7:39  Observer  
  112  7:42  Zealot x4  
  121  7:46  Pylon  
  121  7:47  Colossus  
  121  7:56  Stalker x3  
  127  8:07  Pylon  
  127  8:08  Gateway, Pylon  
  127  8:11  Gateway  
  127  8:17  Stalker, Sentry x3  
  127  8:18  Stalker  
  135  8:32  Protoss Ground Weapons Level 2  
  135  8:38  Stalker x5  
  145  8:44  Pylon  
  145  8:48  Pylon  
  145  8:51  Nexus  
  145  8:53  Stalker  
  145  8:55  Pylon  
  147  9:03  Zealot x5  
  147  9:04  Zealot x4  
  147  9:09  Immortal  
  141  9:38  Zealot x6  
  139  9:39  Zealot x4  
  139  9:45  Immortal  
  153  9:48  Templar Archives  
  113  10:09  Sentry x3  
  113  10:10  Stalker, Sentry x3  
  113  10:13  Psionic Storm, Immortal  
  116  10:31  High Templar x3  
  116  10:33  Stalker x2, Zealot x4  
  128  10:39  High Templar  
  130  10:46  Protoss Ground Weapons Level 3  
  130  10:47  Observer  
  131  10:57  Gateway  
  131  10:59  Gateway  
  131  11:02  Zealot x6  
  131  11:03  Immortal  
  143  11:05  Zealot x3  
  149  11:16  Assimilator  
  149  11:17  Assimilator  
  153  11:21  Pylon  
  153  11:29  High Templar x2  
  157  11:34  Zealot  
  157  11:35  Zealot x4  
  165  11:43  Immortal  
  157  11:51  High Templar x2  
  157  11:52  Zealot x2  
  159  11:56  Zealot x3, Archon  
  159  11:57  Zealot x3  
  163  12:21  Zealot x5  
  163  12:22  Zealot x2  
  177  12:25  Zealot x2  
  177  12:26  Zealot x2  
  185  12:42  Blink  
  177  12:52  Pylon  
  177  12:55  Zealot  
  177  12:56  Zealot x7  
  183  13:24  High Templar x5  
  183  13:25  High Templar  
  193  13:29  Archon  
  193  13:30  Archon x2  
  187  13:54  Zealot x2  
  187  13:55  Zealot x4  
  199  14:02  Protoss Shields Level 1  
  145  14:22  High Templar  
  145  14:23  Zealot x2, High Templar x4  
  145  14:24  Zealot x3  
  159  14:26  Stalker x2  
  159  14:27  Archon  
  159  14:28  Archon  
  133  14:57  Zealot x7  
  135  15:05  Immortal  
  101  15:23  Archon  
  82  15:28  High Templar x4  
  82  15:29  High Templar x2  
  90  15:40  Robotics Facility  
  90  15:41  Nexus  
  90  15:43  Immortal  
  90  15:44  High Templar x4  
  90  15:45  High Templar x2  
  106  15:52  Archon x3  
  104  16:13  Immortal  
  99  16:26  Nexus, Pylon  
  99  16:36  Zealot x2, High Templar x2  
  99  16:37  Zealot x7  
  121  16:43  Archon  
  121  16:52  Immortal  
  125  16:56  Immortal  
  122  17:09  High Templar  
  122  17:10  High Templar x3  
  122  17:15  Archon  
  127  17:16  Archon  
  127  17:17  Stalker x3  
  127  17:18  Stalker  
  129  17:47  Stalker  
  129  17:48  Stalker x5  
  133  18:07  Zealot x3  
Tags
 
Add a new tag
Caveats
  • Supply blocks, unpowered buildings, or Contaminate may cause inaccurate times.
  • Supply counts are checked every 10 seconds.